cohdb
Replays
Latest Replays
All Replays
Popular Replays
Top Player Replays
Match Explorer
How It Works
Community
CoH3 Stats
Reddit
Sign in to upload your games and track your stats! →
Sign in with Steam
Match 42634713
Unlisted
Match 42634713
Overview
Messages
Build Orders
End
Selects Italian Combined Arms Battlegroup
Selects Bersaglieri Squad
Bersaglieri Squad
Panzergrenadier Squad
Bersaglieri Squad
Bersaglieri Squad
Construct Light Support Kompanie
Selects Bersaglieri Bolster
Construct Mechanized Kompanie
8 Rad Armored Car
Selects Breda Model 30 Light Machine Guns
8 Rad Armored Car
Assault Mechanized Group
Marder III Tank Destroyer
Support Armor Elements
Selects Semovente da 75/18 Assault Gun
Selects Strafing Run
Strafing Run
StuG III D Assault Gun
B1t
SkyCurv
ChuckleBerry
보초입니다
Knight Rider
narrzilla
ETO420
PH0BB05
0
0
Comments
sign in to comment!
No comments posted yet!